 Dungeon Crawl Stone Soup version 0.13-a0-2537-g1f6edf4 (webtiles) character file.

659 Kae the Ruinous (level 6, -3/32 HPs)
             Began as a Tengu Fire Elementalist on July 27, 2013.
             Slain by a giant frog skeleton (5 damage)
             ... on Level 4 of the Dungeon.
             The game lasted 00:08:42 (5197 turns).

Kae the Ruinous (Tengu Fire Elementalist)           Turns: 5197, Time: 00:08:42

HP  -3/32        AC  2     Str  8      XL: 6   Next: 59%
MP   9/15        EV 15     Int 17      God:
Gold 312         SH  0     Dex 15      Spells:  4 memorised,  1 level left

Res.Fire  : . . .   See Invis. : .   j - +1,+0 elf short sword
Res.Cold  : . . .   Warding    : .   a - +0 robe
Life Prot.: . . .   Conserve   : .   (no shield)
Res.Poison: .       Res.Corr.  : .   (helmet restricted)
Res.Elec. : .       Clarity    : .   (no cloak)
Sust.Abil.: . .     Spirit.Shd : .   (no gloves)
Res.Mut.  : .       Stasis     : .   (boots unavailable)
Res.Rott. : .       Flight     : +   (no amulet)
Saprovore : . . .                    (no ring)
                                     (no ring)

@: flying, quick, slightly resistant to hostile enchantments, fairly stealthy
A: able to fly, beak, talons 3
a: no special abilities


You were on level 4 of the Dungeon.
You were hungry.

You visited 1 branch of the dungeon, and saw 4 of its levels.
You also visited: Sewer.

You collected 292 gold pieces.

Inventory:

Hand weapons
 j - a +1,+0 elven short sword (weapon)
Armour
 a - a +0 robe (worn)
Comestibles
 c - 2 bread rations
 f - a beef jerky
 o - 2 cheeses
 v - a rambutan
Scrolls
 h - 4 scrolls of identify
 m - 4 scrolls of teleportation {unknown}
 n - a scroll of fog {unknown}
 q - a scroll of fear {unknown}
Potions
 d - 4 potions of flight
 e - a potion of resistance
 g - 2 potions of paralysis
 i - a potion of confusion {unknown}
 k - a potion of restore abilities
 l - a potion of magic {unknown}
 p - a potion of cure mutation {unknown}
 r - a potion of invisibility {unknown}
 s - a potion of beneficial mutation {unknown}
 t - a potion of agility {unknown}
 u - a potion of curing
Books
 b - a book of Flames

   Spells                             Type                      Level
   *Flame Tongue                      Conjuration/Fire             1
   *Throw Flame                       Conjuration/Fire             2
   *Conjure Flame                     Conjuration/Fire             3
   Inner Flame                        Hexes/Fire                   3
   *Sticky Flame                      Conjuration/Fire             4
   Fireball                           Conjuration/Fire             5


   Skills:
 - Level 2.1 Dodging
 - Level 2.0 Stealth
 + Level 3.3 Spellcasting
 * Level 5.6 Conjurations
 + Level 4.8 Fire Magic


You had one spell level left.
You knew the following spells:

 Your Spells              Type           Power        Failure   Level  Hunger
a - Flame Tongue          Conj/Fire      ###..        1%          1    None
b - Throw Flame           Conj/Fire      ###...       2%          2    ##.....
c - Conjure Flame         Conj/Fire      ###.....     8%          3    ###....
d - Sticky Flame          Conj/Fire      ###.....     21%         4    ####...


Dungeon Overview and Level Annotations

Branches:
Dungeon (4/27)
 Temple: D:4-7

Altars:
Makhleb


Innate Abilities, Weirdness & Mutations

You can fly.
You have a beak for a mouth.
You have claws for feet.


Message History

The hound is covered in liquid flames!
You are feeling hungry.
The hound burns!
The hound completely misses you.
The giant frog skeleton barely misses you.
The hound gazes forward, looking utterly alone.
The hound barely misses you.
The hound burns!
You kill the hound!
The giant frog skeleton hits you.
* * * LOW HITPOINT WARNING * * *
The giant frog skeleton misses you. The giant frog skeleton hits you.
* * * LOW HITPOINT WARNING * * *
The giant frog skeleton misses you.
You see here a club.
There is a stone staircase leading up here.
The giant frog skeleton hits you.
* * * LOW HITPOINT WARNING * * *
The giant frog skeleton hits you.
You die...

...........)#....#
.................#
.................#
.................#
.................#
.................#
...........O.O...#
.............##z<#
..........#[.#..@#
..........###...<#
...........###...#
............##...#
............###..#
.........#.#.##[.#
..........#.###..#
...........#.##..#
...........####..#


You could see an ogre and a giant frog skeleton.

Vanquished Creatures
  An ogre (D:3)
  A slave (D:4)
  An orc priest (D:3)
  A hound (D:4)
  5 adders
  3 giant mites
  4 worms (Sewer)
  4 giant geckos
  5 oozes
  6 orcs
  3 giant cockroaches
  12 hobgoblins
  6 kobolds
  A quokka (D:2)
  2 ball pythons
  10 bats
  5 giant newts
  6 goblins
  A goblin skeleton (D:4)
  15 jackals
  23 rats
115 creatures vanquished.

Notes
Turn   | Place    | Note
--------------------------------------------------------------
     0 | D:1      | Kae, the Tengu Fire Elementalist, began the quest for the Orb.
     0 | D:1      | Reached XP level 1. HP: 10/10 MP: 3/3
   192 | D:1      | Reached XP level 2. HP: 15/15 MP: 1/5
   249 | D:1      | Learned a level 2 spell: Throw Flame
   928 | D:2      | Reached XP level 3. HP: 19/19 MP: 7/7
  2024 | D:2      | Reached XP level 4. HP: 21/24 MP: 9/9
  2614 | D:3      | Found a glowing drain.
  2619 | Sewer    | Entered a sewer
  2845 | Sewer    | Reached skill level 4 in Fire Magic
  3227 | Sewer    | Reached XP level 5. HP: 24/28 MP: 6/12
  4138 | D:3      | Noticed an ogre
  4286 | D:2      | Learned a level 3 spell: Conjure Flame
  4291 | D:2      | Learned a level 4 spell: Sticky Flame
  4331 | D:3      | Killed an ogre
  4331 | D:3      | Reached skill level 5 in Conjurations
  4331 | D:3      | Reached XP level 6. HP: 32/32 MP: 3/14
  4516 | D:3      | Found a burning altar of Makhleb.
  4516 | D:3      | Noticed a blizzard demon
  4547 | D:3      | Noticed a hellwing
  4547 | D:3      | Noticed a hellwing
  4901 | D:4      | Paralysed by a potion of paralysis for 3 turns
  5197 | D:4      | Slain by a giant frog skeleton

Action                   |  1- 3 |  4- 6 || total
-------------------------+-------+-------++-------
Melee: Unarmed           |     3 |       ||     3
       Short sword       |    23 |    54 ||    77
 Cast: Flame Tongue      |    48 |   127 ||   175
       Conjure Flame     |       |     1 ||     1
       Throw Flame       |       |     2 ||     2
       Sticky Flame      |       |     1 ||     1
 Abil: Fly               |       |     2 ||     2
  Use: Scroll            |       |     6 ||     6
       Potion            |       |     6 ||     6
 Stab: Sleeping          |     3 |     1 ||     4
